 Dungeon Crawl Stone Soup version 0.29.0-4-gdea44cf6ec (webtiles) character file.

Game seed: 7614870692652934780

136 qw the Chopper (level 4, 0/39 HPs)
             Began as a Minotaur Berserker on Sept 5, 2022.
             Was a Believer of Trog.
             Frozen to death by an endoplasm (3 damage)
             ... on level 2 of the Dungeon.
             The game lasted 00:00:38 (1772 turns).

qw the Chopper (Minotaur Berserker)                 Turns: 1772, Time: 00:00:39

Health: 0/39       AC: -5    Str: 23    XL:     4   Next: 98%
Magic:  3/3        EV: 12    Int:  4    God:    Trog [**....]
Gold:   87         SH:  0    Dex: 10    Spells: 3/3 levels left

rFire   . . .      SeeInvis .   Y - +0 war axe
rCold   . . .      Faith    .   (no shield)
rNeg    . . .      Spirit   .   b - +0 animal skin
rPois   .          Reflect  .   (helmet restricted)
rElec   .          Harm     .   (no cloak)
rCorr   .          Rampage  .   (no gloves)
Will    .....                   (no boots)
Stlth   +.........              (no amulet)
HPRegen 0.13/turn               (no ring)
MPRegen 0.08/turn               (no ring)

@: corroded, on berserk cooldown, slowed, very slow
A: horns 2, retaliatory headbutt
a: Renounce Religion, Berserk, Trog's Hand


You were on level 2 of the Dungeon.
You worshipped Trog.
Trog was pleased with you.
You visited 1 branch of the dungeon, and saw 2 of its levels.

You collected 87 gold pieces.


Innate Abilities, Weirdness & Mutations

You have a pair of horns on your head.
You reflexively headbutt those who attack you in melee.


   Skills:
 - Level 3.6 Fighting
 + Level 6.9 Axes
 - Level 2.4 Armour
 - Level 2.1 Dodging


You had 3 spell levels left.
You didn't know any spells.
Your spell library was empty.

Inventory:

Hand Weapons
 g - a +3 whip
 Y - a +0 war axe (weapon)
Armour
 b - a +0 animal skin (worn)
Scrolls
 a - a scroll of butterflies {unknown}
Potions
 c - a potion of heal wounds {unknown}
 d - a potion of curing
 h - a potion of haste {unknown}

Dungeon Overview and Level Annotations

Branches:
Dungeon (2/15)

Altars:


Message History

Trog accepts your kill.
You hit the jelly. The acid corrodes you!
Your hands burn!
The jelly is lightly wounded.
The jelly hits you.
You are splashed with acid!
You slash the jelly!
Your hands burn!
The jelly is almost dead.
You slash the jelly!
You kill the jelly!
Trog accepts your kill.
You start resting.
You feel a strong urge to attack something.
You are no longer berserk.
You are exhausted.
You feel yourself slow down.
There are monsters nearby!
You hit the jelly but do no damage. The acid corrodes you!
Your hands burn!
You punch the jelly, but do no damage. The jelly closely misses you.
Something hits the fungus.
The fungus begins to die.
Something hits the fungus.
The jelly closely misses you.
You barely miss the jelly.
You headbutt the jelly, but do no damage.
The jelly hits you.
You are splashed with acid!
Something hits the fungus.
You hit the jelly but do no damage.
Your hands burn!
The jelly closely misses you. You furiously retaliate!
You headbutt the jelly!
Something hits the fungus. x3; The jelly closely misses you.
You furiously retaliate!
You headbutt the jelly. You hit the jelly but do no damage.
Your hands burn!
The jelly is almost dead.
A nearby fungus withers and dies.
The jelly closely misses you. The jelly barely misses you.
You hit the jelly.
You kill the jelly!
Trog accepts your kill. The endoplasm freezes you.
You are frozen.
You hit the endoplasm but do no damage. The endoplasm freezes you.
You are frozen.
You die...

. ##.....##
.#.#..#####.
#.......# ..#.##
#.......# ...#.#
#.......##.....#
#.......##.....#
####....###.....
##..'....# ..##
#.########
##)....@##
#######J#
..JJJJ.J.#
..J.JP...#
.%..JP.%.#
...P.....#
....%P.P.#
$.%%.....#
##########


You could see 2 endoplasms.

Vanquished Creatures
  3 jellies (D:2)
  A dart slug (D:1)
  10 endoplasms
  A giant cockroach (D:1)
  A goblin (D:1)
  A hobgoblin (D:1)
  5 jackals
  A quokka (D:1)
  7 ball pythons (D:1)
  A frilled lizard (D:1)
  12 kobolds
  A rat (D:1)
44 creatures vanquished.

Vanquished Creatures (others)
  3 fungi (D:2)
  10 toadstools (D:2)
13 creatures vanquished.

Grand Total: 57 creatures vanquished

Notes
Turn   | Place    | Note
-------+----------+-------------------------------------------
     0 | D:1      | qw the Minotaur Berserker began the quest for the Orb.
     0 | D:1      | Reached XP level 1. HP: 19/19 MP: 0/0
     0 | D:1      | 0 ||| qw: Version: 0.1-a-104-g96f76f8
     0 | D:1      | 0 ||| qw: Game counter: 5828
     0 | D:1      | 0 ||| qw: Always use a shield: true
     0 | D:1      | 0 ||| qw: Do Orc after D:15 true
     0 | D:1      | 0 ||| qw: Do second Lair branch before Depths: true
     0 | D:1      | 0 ||| qw: Lair rune preference: random
     0 | D:1      | 0 ||| qw: Plans: Normal
     0 | D:1      | 0 ||| PLANNING D:1-11
   108 | D:1      | Reached skill level 4 in Axes
   210 | D:1      | 210 ||| INVOKING Berserk.
   217 | D:1      | Reached XP level 2. HP: 16/26 MP: 1/1
   504 | D:1      | 504 ||| Stepping ~*~*~tactically~*~*~ (stealth).
   511 | D:1      | 511 ||| Stepping ~*~*~tactically~*~*~ (stealth).
   513 | D:1      | 513 ||| Stepping ~*~*~tactically~*~*~ (stealth).
   584 | D:1      | 584 ||| DROPPING +0 whip.
   681 | D:1      | Reached skill level 5 in Axes
   685 | D:1      | Found a faded altar of an unknown god.
   694 | D:1      | 694 ||| READING scroll labelled ZIEPOM XIANGY.
   695 | D:1      | 695 ||| READING scroll labelled EGIPLE LUYF.
   696 | D:1      | 696 ||| DRINKING 2 murky white potions.
   697 | D:1      | 697 ||| Stepping randomly (stuck).
   699 | D:1      | 699 ||| Stepping randomly (stuck).
   700 | D:1      | 700 ||| Stepping randomly (stuck).
   701 | D:1      | 701 ||| Stepping randomly (stuck).
   703 | D:1      | 703 ||| Stepping randomly (stuck).
   705 | D:1      | 705 ||| Stepping randomly (stuck).
   707 | D:1      | 707 ||| Stepping randomly (stuck).
   708 | D:1      | 708 ||| Stepping randomly (stuck).
   709 | D:1      | 709 ||| Stepping randomly (stuck).
   711 | D:1      | 711 ||| Stepping randomly (stuck).
   712 | D:1      | 712 ||| Stepping randomly (stuck).
   713 | D:1      | 713 ||| Stepping randomly (stuck).
   714 | D:1      | 714 ||| Stepping randomly (stuck).
   715 | D:1      | 715 ||| Stepping randomly (stuck).
   716 | D:1      | 716 ||| Stepping randomly (stuck).
   718 | D:1      | 718 ||| Stepping randomly (stuck).
   719 | D:1      | 719 ||| Stepping randomly (stuck).
   720 | D:1      | 720 ||| Stepping randomly (stuck).
   721 | D:1      | 721 ||| Stepping randomly (stuck).
   722 | D:1      | 722 ||| Stepping randomly (stuck).
   782 | D:1      | 782 ||| Stepping ~*~*~tactically~*~*~ (hiding).
   791 | D:1      | Reached XP level 3. HP: 31/31 MP: 2/2
   949 | D:1      | 949 ||| SWAPPING to +0 war axe.
   950 | D:1      | 950 ||| DROPPING +0 hand axe.
  1353 | D:1      | 1353 ||| READING scroll labelled QOQAUCL YXZY.
  1493 | D:1      | 1493 ||| READING scroll labelled ONNIUR QIGIXI.
  1514 | D:2      | 1514 ||| STAIRDANCE
  1572 | D:2      | Reached ** piety under Trog
  1575 | D:2      | 1575 ||| INVOKING Berserk.
  1581 | D:2      | 1581 ||| Stepping ~*~*~tactically~*~*~ (stealth).
  1757 | D:2      | 1757 ||| Stepping ~*~*~tactically~*~*~ (stealth).
  1758 | D:2      | 1758 ||| INVOKING Berserk.
  1760 | D:2      | Reached skill level 6 in Axes
  1760 | D:2      | Reached XP level 4. HP: 39/39 MP: 3/3
  1769 | D:2      | HP: 7/39 [acid (5)]
  1771 | D:2      | HP: 3/39 [frozen (4)]
  1772 | D:2      | Frozen to death by an endoplasm

Levels and vault maps discovered:
D:1:      nagdon_arrival_zigzag_paths, layout_loops_ring,
          shapermc_ecumenical_altar_notcrosses, minmay_misc_feat_cross
D:2:      cheibrodos_fertilizer, layout_rooms, minmay_misc_feat_ornament,
          eino_curves_03

Skill      XL: |  1  2  3 |
---------------+----------+-----
Axes           | 4 5 6 |  6.9
Fighting       | |  3.6
Armour         | |  2.4
Dodging        | |  2.1

Action                   |  1- 3 |  4- 6 || total
-------------------------+-------+-------++-------
Melee: Hand axe          |    52 |       ||    52
       Headbutt          |    10 |     1 ||    11
       War axe           |    25 |    10 ||    35
       Punch             |       |     1 ||     1
Invok: Berserk           |     3 |       ||     3
  Use: Scroll            |     4 |       ||     4
       Potion            |     1 |       ||     1
Armor: Animal skin       |    10 |       ||    10
Dodge: Dodged            |    63 |     6 ||    69

Table legend:
 A = Non-vault XP
 B = Vault XP
 C = Vault XP percentage of total XP
 D = Non-vault monster count
 E = Vault monster count
 F = Vault count percentage of total count
                 A         B        C        D         E       F
            +---------+---------+-------+---------+---------+-------
      Total |      55 |     140 |  71.8 |      32 |      12 |  27.3
            +---------+---------+-------+---------+---------+-------
        D:1 |      51 |       0 |   0.0 |      30 |       0 |   0.0
        D:2 |       4 |     140 |  97.2 |       2 |      12 |  85.7
            +---------+---------+-------+---------+---------+-------
